[Event "Team 45 45 League T66"]
[Site "Internet Chess Club"]
[Date "2015.09.12"]
[Round "2"]
[White "justice02"]
[Black "zap2"]
[Result "1/2-1/2"]
[WhiteElo "1616"]
[BlackElo "1771"]
[Opening "English opening"]
[ECO "A05"]
[Time "09:01:00"]
[TimeControl "2700+45"]

1. Nf3 Nf6 2. c4 d6 3. g3 g6 4. Bg2 Bg7 5. O-O Nbd7 6. Nc3 e5 7. d3 O-O 8. Bg5
c6 9. Ne4 h6 10. Nxf6+ Nxf6 11. Be3 Ng4 12. Bd2 f5 13. h3 Nf6 14. Qc2 Qe7 15.
Rad1 Nh5 16. Bc3 Kh7 17. Nh2 Be6 18. b3 Qd7 19. d4 e4 20. d5 cxd5 21. Bxg7 Qxg7
22. cxd5 Rac8 23. Qd2 Bg8 24. Rc1 Qe5 25. Rfd1 Rxc1 26. Qxc1 Bxd5 27. Qc7+ Rf7
28. Qa5 Bc6 29. Qxa7 Qc5 30. Qxc5 dxc5 31. Rc1 Bb5 32. e3 b6 33. a4 Bd3 34. g4
Nf6 35. gxf5 gxf5 36. Nf1 Nd7 37. Nd2 Rg7 38. Nc4 Bxc4 39. Rxc4 Ne5 40. Rc3 Nd3
41. Kf1 Kg6 42. f3 Re7 43. fxe4 fxe4 44. Bxe4+ Rxe4 45. Rxd3 Kf5 46. Kg2 Ke5 47.
Kf3 Rh4 48. Kg2 c4 49. Rc3 cxb3 50. Rxb3 Rxa4 51. Rxb6 h5 52. Rb5+ Ke4 53. Rxh5
Kxe3 54. Rf5 Ke4 55. Rf8 Ra3 56. h4 Ra2+ 57. Kg3 Ra1 58. h5 Rh1 59. Kg4 Rg1+ 60.
Kh4 Rh1+ 61. Kg5 Ke5 62. h6 Rg1+ 63. Kh5 Rh1+ 64. Kg6 Rg1+ 65. Kf7 Rf1+ 66. Kg7
Rg1+ 67. Kh8 Ke6 68. h7 Ke7 69. Rg8 Rh1 70. Rg6 Kf7 71. Ra6 Kf8 72. Rg6 Kf7 73.
Rg2 Rf1 {Game drawn by mutual agreement} 1/2-1/2

[Event "Team 45 45 League T66"]
[Site "Internet Chess Club"]
[Date "2015.09.12"]
[Round "2"]
[White "RUPIS"]
[Black "zepled37"]
[Result "1-0"]
[WhiteElo "1706"]
[BlackElo "1692"]
[Opening "French: advance, Euwe variation"]
[ECO "B40"]
[Time "08:08:07"]
[TimeControl "2700+45"]

1. e4 c5 2. Nf3 e6 3. c3 d5 4. e5 Nc6 5. d4 Bd7 6. Bd3 Qb6 7. dxc5 Bxc5 8. O-O
f6 9. Qe2 fxe5 10. Nxe5 Nxe5 11. Qxe5 Nf6 12. Bg5 O-O 13. Nd2 Bxf2+ 14. Kh1 Ng4
15. Qe2 e5 16. h3 e4 17. Bc2 Ne5 18. Bb3 Bc6 19. Nxe4 Bb5 20. Bxd5+ Kh8 21. c4
Nxc4 22. Bxc4 Bc6 23. Nxf2 Rae8 24. Qd2 Qc5 25. Rac1 Qf5 26. Be7 Bxg2+ 27. Kxg2
Qf3+ 28. Kh2 Rxe7 29. Ng4 {Black resigns} 1-0

[Event "Team 45 45 League T66"]
[Site "Internet Chess Club"]
[Date "2015.09.13"]
[Round "2"]
[White "Grenadier"]
[Black "Schachteufel"]
[Result "1-0"]
[WhiteElo "1580"]
[BlackElo "1681"]
[Opening "Sicilian: closed, 6.Be3"]
[ECO "B26"]
[Time "14:00:25"]
[TimeControl "2700+45"]

1. e4 c5 2. Nc3 Nc6 3. g3 g6 4. Bg2 Bg7 5. d3 d6 6. Be3 e5 7. Qd2 Nge7 8. Bh6
O-O 9. Bxg7 Kxg7 10. f4 f6 11. Nf3 Bg4 12. O-O Qb6 13. Kh1 Rac8 14. b3 Nd4 15.
Nd5 Nxd5 16. exd5 Qd8 17. c4 b5 18. Rae1 b4 19. Nxd4 exd4 20. h3 Bd7 21. Rf2 Re8
22. Rfe2 Rxe2 23. Rxe2 Qf8 24. Qe1 Re8 25. Kh2 Rxe2 26. Qxe2 Qe8 27. Qxe8 Bxe8
28. Kg1 Bd7 29. g4 Kf7 30. Kf2 Ke7 31. Ke2 Kd8 32. Kd2 Kc7 33. Kc2 Kb6 34. Kd2
a5 35. Bf3 a4 36. h4 h6 37. g5 axb3 38. axb3 h5 39. gxf6 Be8 40. Ke2 Kc7 41. Kf2
Kd8 42. Kg3 Bd7 43. Be4 Be8 44. f5 gxf5 45. Bxf5 Bf7 46. Kf4 Ke8 47. Kg5 Kf8 48.
Kh6 Kg8 49. Be6 Kf8 50. Bxf7 Kxf7 51. Kg5 Kg8 52. Kxh5 Kh7 53. Kg5 Kg8 54. Kf5
Kh7 55. Ke6 {Black resigns} 1-0

[Event "Team 45 45 League T66"]
[Site "Internet Chess Club"]
[Date "2015.09.09"]
[Round "2"]
[White "GideonL"]
[Black "BrerRabbit"]
[Result "1/2-1/2"]
[WhiteElo "1528"]
[BlackElo "1457"]
[Opening "Réti: Wade defense"]
[ECO "B07"]
[Time "19:02:29"]
[TimeControl "2700+45"]

1. e4 d6 2. Nf3 Bg4 3. Be2 Nf6 4. Nc3 c5 5. d3 Nc6 6. O-O g6 7. Be3 Bg7 8. h3
Bd7 9. Qd2 O-O 10. Bh6 Qb6 11. b3 Qa5 12. Bxg7 Kxg7 13. Nd5 Qxd2 14. Nxd2 Nxd5
15. exd5 Nb4 16. c4 Bf5 17. Ne4 Bxe4 18. dxe4 Nc2 19. Rac1 Nd4 20. Bd3 a6 21. f3
Rfb8 22. Kf2 b5 23. Ke3 b4 24. f4 f6 25. Rf2 a5 26. Rcf1 a4 27. e5 f5 28. g4
axb3 29. axb3 Ra3 30. gxf5 Nxf5+ 31. Bxf5 gxf5 32. Rg1+ Kh8 33. Rb2 Rg8 34.
Rxg8+ Kxg8 35. Kf3 Ra1 {Game drawn by mutual agreement} 1/2-1/2

[Event "Team 45 45 League T66"]
[Site "Internet Chess Club"]
[Date "2015.09.11"]
[Round "2"]
[White "Skeptic1972"]
[Black "RD1974"]
[Result "1-0"]
[WhiteElo "1660"]
[BlackElo "1618"]
[Opening "French: Winawer, advance variation"]
[ECO "C16"]
[Time "13:03:41"]
[TimeControl "2700+45"]

1. e4 e6 2. d4 d5 3. Nc3 Bb4 4. e5 b6 5. a3 Be7 6. f4 Nh6 7. Nf3 Bb7 8. Be2 Nd7
9. Be3 Nf5 10. Qd2 c5 11. O-O-O c4 12. g4 Nh6 13. Rhg1 Bc6 14. f5 Ng8 15. Ng5
Nf8 16. Rdf1 Bxg5 17. Bxg5 f6 18. Bh4 Qc7 19. exf6 gxf6 20. fxe6 O-O-O 21. Bg3
Qe7 22. Qf4 Kb7 23. Re1 Nxe6 24. Qf2 Nh6 25. Bf3 Rhe8 26. Qg2 Qd7 27. Qd2 Nf7
28. h4 Nc7 29. Qf4 Rxe1+ 30. Rxe1 Qd6 31. Qxd6 Nxd6 32. Re7 Rd7 33. Rxd7 Bxd7
34. Bxd6 Ne6 35. Ne2 Ng7 36. Bxd5+ Kc8 37. Bxc4 Bxg4 38. Bd3 Kd7 39. Bh2 Ne6 40.
c3 h6 41. Nf4 Nc7 42. Kd2 Bf3 43. Ke3 Bc6 44. Bf5+ Ke8 45. Bg6+ Kd7 46. Be4 Bb5
47. Nd5 Ne8 48. Bg6 {Black resigns} 1-0

[Event "Team 45 45 League T66"]
[Site "Internet Chess Club"]
[Date "2015.09.11"]
[Round "2"]
[White "bayoumicardio10"]
[Black "nidusin2"]
[Result "1/2-1/2"]
[WhiteElo "1561"]
[BlackElo "1578"]
[Opening "Scotch gambit"]
[ECO "C44"]
[Time "20:00:55"]
[TimeControl "2700+45"]

1. e4 Nc6 2. d4 e5 3. Nf3 exd4 4. Bc4 d6 5. Nxd4 Nf6 6. O-O Be7 7. Nc3 O-O 8. h3
Bd7 9. Re1 a6 10. Nf3 Ne5 11. Bb3 Bc6 12. Bf4 Ng6 13. Bh2 Nd7 14. Nd4 Bf6 15.
Nxc6 bxc6 16. Rb1 Nc5 17. Kh1 Re8 18. f3 a5 19. Na4 Nxb3 20. axb3 Bh4 21. Re2
Qg5 22. Qd2 Qxd2 23. Rxd2 Bg5 24. Rdd1 Nf4 25. Bxf4 Bxf4 26. Nc3 g6 27. Ra1 Be5
28. Ra4 Ra6 29. Rda1 Rea8 30. R1a2 Kf8 31. Kg1 Ke7 32. Kf1 Ke6 33. Nd1 d5 34.
Ne3 Bd6 35. Ke2 h5 36. Kd3 Bc5 37. c3 Ke5 38. exd5 cxd5 39. b4 Bb6 40. f4+ Ke6
41. b5 R6a7 42. b3 Rd8 43. Nc2 Kd6 44. Nd4 Bxd4 45. Kxd4 Re8 46. b4 Re4+ 47. Kd3
Rxf4 48. bxa5 Rxa4 49. Rxa4 Kc5 50. Rf4 f5 51. g4 hxg4 52. hxg4 fxg4 53. b6 cxb6
54. axb6 Kxb6 55. Rxg4 Kc5 56. Rxg6 Rh7 57. Rg3 Rh4 58. Rg8 Rh3+ 59. Kc2 Rh4 60.
Kb3 Rf4 61. Re8 Re4 62. Rd8 Rg4 {Game drawn by mutual agreement} 1/2-1/2

[Event "Team 45 45 League T66"]
[Site "Internet Chess Club"]
[Date "2015.09.14"]
[Round "2"]
[White "Insan996"]
[Black "OGO"]
[Result "1-0"]
[WhiteElo "1600"]
[BlackElo "1552"]
[Opening "King's Indian: fianchetto variation"]
[ECO "E62"]
[Time "22:02:40"]
[TimeControl "2700+45"]

1. d4 Nf6 2. Nf3 d6 3. c4 g6 4. Nc3 Bg7 5. g3 O-O 6. Bg2 c6 7. O-O Nbd7 8. b3
Nb6 9. Bb2 Be6 10. Qc2 Rc8 11. Rad1 Bf5 12. Qc1 Qd7 13. Rfe1 Bh3 14. e4 Bxg2 15.
Kxg2 e6 16. Ba3 Qc7 17. e5 Ne8 18. exd6 Qd7 19. Ne4 {Black resigns} 1-0

[Event "Team 45 45 League T66"]
[Site "Internet Chess Club"]
[Date "2015.09.13"]
[Round "2"]
[White "bardu"]
[Black "fireball"]
[Result "0-1"]
[WhiteElo "1301"]
[BlackElo "1617"]
[Opening "Budapest: Rubinstein variation"]
[ECO "A52"]
[Time "14:04:19"]
[TimeControl "2700+45"]

1. d4 Nf6 2. c4 e5 3. dxe5 Ng4 4. Bf4 Bc5 5. e3 Bb4+ 6. Nd2 Bxd2+ 7. Qxd2 Nc6 8.
Be2 Ngxe5 9. Nf3 Ng6 10. Bg3 O-O 11. O-O a5 12. Rfd1 Qf6 13. Bxc7 Nce5 14. Bxe5
Nxe5 15. Nxe5 Qxe5 16. Rac1 Ra6 17. a4 Rh6 18. h3 Qg5 19. Qd5 Qf6 20. Bg4 Qxb2
21. Bxd7 Bxd7 22. Qxd7 Rf6 23. Qd2 Qxd2 24. Rxd2 Rc6 25. c5 g6 26. Rb2 Rc7 27.
Kf1 Rb8 28. Rbc2 Kf8 29. Ke2 Ke7 30. c6 b6 31. Kd3 Kd6 32. Rc4 Rbc8 33. Rd4+ Ke6
34. Rdc4 Rd8+ 35. Ke4 Rd5 36. Rd4 Rc5 37. Rxc5 bxc5 38. Rd1 Rxc6 39. Rc1 f5+ 40.
Kd3 Kd5 41. f3 c4+ 42. Kc3 Rb6 43. e4+ fxe4 44. Rd1+ Ke5 45. fxe4 Kxe4 46. Rd4+
Ke3 47. Rxc4 Kf2 48. Rg4 h6 49. Kd3 Rb3+ 50. Kc2 Rb6 51. Kc3 g5 52. g3 Rf6 53.
Kc4 Rf5 54. h4 Kf3 55. Rd4 Kxg3 56. hxg5 hxg5 57. Rd5 Rxd5 58. Kxd5 Kf4 59. Kc5
g4 60. Kb5 g3 61. Kxa5 g2 {White resigns} 0-1

[Event "Team 45 45 League T66"]
[Site "Internet Chess Club"]
[Date "2015.09.10"]
[Round "2"]
[White "Jack-ONeill"]
[Black "f5"]
[Result "1/2-1/2"]
[WhiteElo "2053"]
[BlackElo "2046"]
[Opening "Sicilian defense"]
[ECO "B30"]
[Time "14:08:38"]
[TimeControl "2700+45"]

1. e4 c5 2. Nf3 Nc6 3. c3 Nf6 4. e5 Nd5 5. d4 cxd4 6. cxd4 d6 7. Bc4 Nb6 8. Bb5
dxe5 9. Nxe5 Bd7 10. Nxd7 Qxd7 11. O-O e6 12. Nc3 Rd8 13. Qf3 Be7 14. Be3 O-O
15. Rfd1 Nd5 16. Nxd5 Qxd5 17. Qxd5 Rxd5 18. Bxc6 bxc6 19. Rdc1 Bf6 20. Rxc6
Bxd4 21. Bxd4 Rxd4 22. Rc7 Rfd8 23. g3 R4d7 24. Rac1 Kf8 25. b4 Ke8 26. a4 g5
27. b5 Rd1+ 28. Rxd1 Rxd1+ 29. Kg2 Rd7 30. Rc6 g4 31. h3 h5 32. hxg4 hxg4 33.
Kf1 Ke7 34. Ke2 Kf6 35. Ke3 Ke5 36. Rc5+ Kf6 37. Rc4 Kf5 38. a5 Ke5 39. Rxg4 Rb7
40. Rb4 Kd5 41. b6 Kc5 42. bxa7 Rxa7 43. Ra4 Kb5 44. Ra1 f6 45. g4 Ka6 46. Rc1
Rg7 47. Rc6+ Kxa5 48. Rxe6 Rxg4 49. Rxf6 Kb5 50. Rd6 Kc5 51. Rd1 Rg8 52. f4 Rf8
53. Ke4 Re8+ 54. Kf3 Rf8 55. Rd2 Kc6 56. Rd4 Kc5 57. Rd7 Kc6 58. Re7 Kd6 59. Re5
Ra8 60. Kg4 Rb8 61. Kf5 Rf8+ 62. Ke4 Ra8 63. Rd5+ Ke6 64. f5+ Kf6 65. Rd6+ Ke7
66. Re6+ Kf7 67. Ke5 Ra5+ 68. Kf4 Ra1 69. Rb6 Rf1+ 70. Kg4 Rg1+ 71. Kf3 Rf1+ 72.
Ke4 Re1+ 73. Kd3 Rf1 74. f6 Rxf6 75. Rxf6+ Kxf6 {Game drawn because neither
player has mating material} 1/2-1/2

[Event "Team 45 45 League T66"]
[Site "Internet Chess Club"]
[Date "2015.09.12"]
[Round "2"]
[White "Colombiano07"]
[Black "Ptzz"]
[Result "1-0"]
[WhiteElo "1856"]
[BlackElo "2004"]
[Opening "Bird's opening"]
[ECO "A02"]
[Time "11:00:55"]
[TimeControl "2700+45"]

1. f4 g6 2. e4 c5 3. Nf3 Bg7 4. Nc3 Nc6 5. Bb5 Nd4 6. O-O Nf6 7. e5 Nh5 8. Nxd4
cxd4 9. Ne4 Qb6 10. Bc4 d3+ 11. Kh1 dxc2 12. Qxc2 d5 13. Bxd5 Bf5 14. Qa4+ Kf8
15. d3 Rd8 16. Bc4 Bh6 17. Qb3 Qxb3 18. Bxb3 Ng7 19. Nf2 Ne6 20. g4 Bxd3 21.
Nxd3 Rxd3 22. Bc2 Rd7 23. f5 Nf4 24. Bxf4 Bxf4 25. Rxf4 Rd2 26. Bb3 Kg7 27. f6+
{Black resigns} 1-0

[Event "Team 45 45 League T66"]
[Site "Internet Chess Club"]
[Date "2015.09.15"]
[Round "2"]
[White "santiagoelawad"]
[Black "Holzschlange"]
[Result "1-0"]
[WhiteElo "2060"]
[BlackElo "1820"]
[Opening "QGD: Tarrasch, Prague variation, Normal position"]
[ECO "A00"]
[Time "17:00:16"]
[TimeControl "2700+45"]

1. g3 d5 2. Bg2 Nf6 3. Nf3 e6 4. O-O c5 5. c4 Nc6 6. cxd5 exd5 7. d4 Be7 8. Nc3
O-O 9. h3 Be6 10. Be3 c4 11. Ne5 Qc8 12. Kh2 Rb8 13. Bf4 Bd6 14. Nb5 Nxe5 15.
Nxd6 Qc6 16. dxe5 Nd7 17. e4 dxe4 18. Bxe4 Qc7 19. Qc2 b5 20. Bxh7+ Kh8 21. Be4
Qc5 22. Qe2 g6 23. Qe3 {Black resigns} 1-0

[Event "Team 45 45 League T66"]
[Site "Internet Chess Club"]
[Date "2015.09.11"]
[Round "2"]
[White "flacoligth"]
[Black "chessfan"]
[Result "0-1"]
[WhiteElo "2027"]
[BlackElo "2061"]
[Opening "King's Indian: Andersson variation"]
[ECO "E92"]
[Time "20:58:36"]
[TimeControl "2700+45"]

1. d4 Nf6 2. c4 g6 3. Nc3 Bg7 4. e4 d6 5. Nf3 O-O 6. Be2 e5 7. dxe5 dxe5 8. Qxd8
Rxd8 9. Bg5 Re8 10. Nd5 Nxd5 11. cxd5 c6 12. Bc4 cxd5 13. Bxd5 Nd7 14. Rc1 h6
15. Be3 Nf6 16. O-O Nxd5 17. exd5 Rd8 18. Rfd1 b6 19. h3 Bb7 20. d6 Rac8 21.
Rxc8 Bxc8 22. Rc1 Be6 23. Rc7 Rxd6 24. Rxa7 f5 25. Ra8+ Kf7 26. Ra7+ Bd7 27. Rb7
b5 28. Kf1 Ke6 29. Ke2 e4 30. Nd2 Bxb2 31. Nb3 Bc6 32. Rc7 b4 33. Bxh6 Bb5+ 34.
Ke1 Bc3+ 35. Bd2 Bxd2+ 36. Nxd2 Rc6 37. Rxc6+ Bxc6 38. Nb3 Ke5 39. Kd2 Bd5 40.
Kc2 g5 41. Kd2 f4 42. Ke2 Bc4+ 43. Ke1 Kd5 44. g3 Ke5 45. Na5 Bd5 46. Kd2 e3+
47. Ke2 Bxa2 48. Nc6+ Ke4 49. f3+ Kf5 50. g4+ Ke6 51. Nxb4 Bc4+ 52. Kd1 Kd6 53.
Kc2 Be2 {White resigns} 0-1

[Event "Team 45 45 League T66"]
[Site "Internet Chess Club"]
[Date "2015.09.13"]
[Round "2"]
[White "dp15"]
[Black "Agarnez"]
[Result "0-1"]
[WhiteElo "2000"]
[BlackElo "1991"]
[Opening "Scandinavian (center counter) defense"]
[ECO "B01"]
[Time "18:00:26"]
[TimeControl "2700+45"]

1. e4 d5 2. exd5 Qxd5 3. Nc3 Qd8 4. Nf3 Bg4 5. Bc4 e6 6. h3 Bh5 7. g4 Bg6 8. d4
Nd7 9. Bf4 Bb4 10. Qe2 Nb6 11. Bb3 a5 12. O-O Bxc3 13. bxc3 Nf6 14. Rae1 Ne4 15.
Ne5 Nxc3 16. Qf3 Ncd5 17. Bg3 a4 18. Bxd5 Qxd5 19. Qxd5 Nxd5 20. c4 Nb4 21. f4
O-O 22. Nxg6 hxg6 23. Re2 Rfd8 24. Rd1 a3 25. f5 gxf5 26. gxf5 c5 27. fxe6 fxe6
28. Be5 cxd4 29. Rg2 Rd7 30. Rxd4 Rxd4 31. Bxd4 Rd8 32. Bc3 Rd1+ 33. Kh2 Nc6 34.
Rxg7+ Kf8 35. Rxb7 Rc1 36. Rb6 Rxc3 37. Rxc6 Rc2+ 38. Kg1 Rxa2 39. Rxe6 Rb2 40.
Ra6 a2 41. Ra8+ Ke7 42. Ra7+ Kd6 43. Ra6+ Kc5 44. h4 Kxc4 45. h5 Rb1+ 46. Kf2
a1=Q 47. Rxa1 Rxa1 48. Kf3 Kd5 49. Kg4 Ke6 50. Kg5 Rg1+ 51. Kh6 Kf7 52. Kh7 Rh1
53. h6 Rh2 {White resigns} 0-1

[Event "Team 45 45 League T66"]
[Site "Internet Chess Club"]
[Date "2015.09.12"]
[Round "2"]
[White "Otelo"]
[Black "hood"]
[Result "0-1"]
[WhiteElo "1856"]
[BlackElo "2067"]
[Opening "Ruy Lopez: exchange, Keres variation"]
[ECO "C68"]
[Time "17:04:08"]
[TimeControl "2700+45"]

1. e4 e5 2. Nf3 Nc6 3. Bb5 a6 4. Bxc6 dxc6 5. Nc3 Bd6 6. d4 exd4 7. Nxd4 Nf6 8.
O-O O-O 9. h3 h6 10. Be3 Re8 11. f3 Nh5 12. Nce2 Qh4 13. Bf2 Qg5 14. g4 Qe5 15.
f4 Nxf4 16. Bg3 Nxe2+ 17. Nxe2 Qxe4 18. Bxd6 cxd6 19. Ng3 Qe3+ 20. Kh2 d5 21. a4
Bd7 22. Ra3 Qg5 23. Qf3 Re7 24. Rb3 b5 25. axb5 axb5 26. Rb4 Qd2+ 27. Rf2 Qxb4
{White resigns} 0-1

[Event "Team 45 45 League T66"]
[Site "Internet Chess Club"]
[Date "2015.09.13"]
[Round "2"]
[White "joebobpop"]
[Black "roji"]
[Result "1/2-1/2"]
[WhiteElo "1938"]
[BlackElo "1885"]
[Opening "Robatsch defense"]
[ECO "B06"]
[Time "22:22:45"]
[TimeControl "2700+45"]

1. e4 g6 2. d4 Bg7 3. Nc3 a6 4. f4 b5 5. Nf3 Bb7 6. Bd3 d6 7. O-O Nd7 8. Be3 c5
9. dxc5 Nxc5 10. Bxc5 dxc5 11. e5 Qb6 12. Be4 Rd8 13. Qe2 Nh6 14. Rad1 O-O 15.
Bxb7 Qxb7 16. Ng5 Nf5 17. Nge4 Nd4 18. Qf2 Qc6 19. Rfe1 b4 20. Nb1 Ne6 21. Qf3
Qa4 22. Qb3 Qb5 23. c4 Qc6 24. Qf3 Qc7 25. Nbd2 a5 26. Nf1 Rxd1 27. Rxd1 Rd8 28.
Rxd8+ Qxd8 29. Qe3 Qc8 30. b3 Nd4 31. Nfd2 Bh6 32. g3 Qc7 33. Nf3 Nxf3+ 34. Qxf3
Bf8 35. Qe3 e6 36. Qd3 Be7 37. Kf2 h5 38. h4 Kg7 39. Ke3 Qc6 40. Qd1 Qc7 41. Kf3
Qc6 42. Ke3 f6 43. exf6+ Bxf6 44. Nxf6 Kxf6 45. Qd8+ Kf7 46. Qxa5 Qd6 47. Qa8
Qd4+ 48. Kf3 Qd1+ 49. Kf2 Qd2+ 50. Kf3 Qd1+ 51. Kf2 Qd2+ {Game drawn by mutual
agreement} 1/2-1/2

[Event "Team 45 45 League T66"]
[Site "Internet Chess Club"]
[Date "2015.09.19"]
[Round "2"]
[White "room-matt"]
[Black "SlimeDog2"]
[Result "0-1"]
[WhiteElo "1870"]
[BlackElo "2064"]
[Opening "Grünfeld: Russian, Smyslov variation"]
[ECO "D98"]
[Time "14:04:39"]
[TimeControl "2700+45"]

1. d4 Nf6 2. c4 g6 3. Nc3 d5 4. Nf3 Bg7 5. Qb3 dxc4 6. Qxc4 O-O 7. e4 Bg4 8. Be2
Nfd7 9. Bf4 Nc6 10. d5 Nb6 11. Qc5 Bxf3 12. Bxf3 Bd4 13. Qb5 Ne5 14. Be2 c6 15.
Qb4 c5 16. Qb3 Qd6 17. Bh6 Qf6 18. Bxf8 Qxf2+ 19. Kd1 Qxg2 20. Rf1 Rxf8 21. d6
exd6 22. Nb5 Qxe4 23. Nxd6 Qg2 24. Rc1 Nd5 25. Ke1 Qg5 26. Rb1 Ne3 27. Rh1 Qg2
28. Qxb7 Rd8 29. Rf1 Qxb7 30. Nxb7 Rd7 31. Na5 Nxf1 32. Bxf1 Nf3+ 33. Ke2 Nxh2
34. Bg2 h5 35. Rh1 Ng4 36. Nc4 Re7+ 37. Kd2 Kg7 38. b3 Ne3 39. Nxe3 Rxe3 40. Bd5
f5 41. Bg2 Kf6 42. Rh3 Rxh3 43. Bxh3 g5 {White resigns} 0-1

[Event "Team 45 45 League T66"]
[Site "Internet Chess Club"]
[Date "2015.09.12"]
[Round "2"]
[White "sharky123"]
[Black "xt"]
[Result "1/2-1/2"]
[WhiteElo "1831"]
[BlackElo "1761"]
[Opening "Sicilian defense"]
[ECO "B33"]
[Time "20:17:20"]
[TimeControl "2700+45"]

1. e4 c5 2. Nf3 Nc6 3. d4 cxd4 4. Nxd4 Nf6 5. Nc3 a6 6. Be3 e6 7. Be2 Bb4 8. f3
O-O 9. a3 Be7 10. Qd2 Qc7 11. O-O-O b5 12. g4 b4 13. axb4 Bxb4 14. h4 Qa5 15.
Nb3 Bxc3 16. Nxa5 Bxd2+ 17. Bxd2 Nd4 18. Rde1 Nxe2+ 19. Rxe2 Rb8 20. Nc4 d5 21.
exd5 Nxd5 22. Ne3 Bb7 23. Rf1 Bc6 24. h5 Bb5 25. c4 Nxe3 26. Rxe3 Bxc4 27. Rg1
Rfc8 28. Rc3 Be2 29. f4 Rxc3+ 30. Bxc3 Rc8 31. Kd2 Bf3 32. Ke3 Bd5 33. g5 Rc4
34. Rf1 Re4+ 35. Kd2 Bc4 36. Rf2 Bb5 37. Be5 Rc4 38. Bc3 Re4 39. Be5 Rc4 40. Rf3
Rc8 41. Rc3 Rf8 42. h6 Rd8+ 43. Kc2 g6 44. Bf6 Ra8 45. Rc5 Kf8 46. Bg7+ Ke8 47.
Bf6 Bd7 48. Rc7 Rc8 49. Rxc8+ Bxc8 50. Kc3 Bd7 51. Kb4 Bb5 52. Kc5 Bd3 53. Kd6
Bb5 54. Bd4 Kf8 55. Ke5 Bd3 56. Kf6 Kg8 57. Ke7 Bf1 58. Bg7 Bb5 59. Kf6 Bc4 60.
Ke5 Bb5 61. Kd6 Bf1 62. b4 Bb5 63. Kc7 Bf1 64. Kb6 Bb5 65. Ka5 Bf1 66. Ka4 Bb5+
67. Ka3 Bf1 68. Ka2 Bb5 69. Ka1 Bf1 70. Bf6 Bb5 71. Kb2 Bf1 72. Kc3 Bb5 73. Kd4
Bf1 74. Be5 Bb5 75. Bc7 Bf1 76. Bb6 Bb5 77. Bc5 Bf1 78. Ke3 Bb5 79. Kf2 Bc4 80.
Ke3 Bf1 81. Ke4 Bb5 82. Ke5 Bf1 83. Kf6 Bc4 84. Ke7 Bf1 85. Kd6 Bb5 86. Ke5 Bf1
87. Kd4 Bb5 88. Ke3 Bf1 89. Kf2 Bb5 90. Kg2 Bc4 91. Kh1 Bb5 92. Kg2 Bc4 93. Kf3
Bb5 94. Ke4 Bf1 95. Ke5 Bb5 96. Kd6 Bf1 97. Kc7 Bb5 98. Kb7 Bf1 99. Ka8 Bb5 100.
Kb7 Bf1 101. Kb6 Bb5 102. Ka5 Bf1 103. Ka4 Be2 104. Kb3 Bf1 105. Kc2 Bb5 106.
Kb1 Bf1 107. Ka1 Bb5 108. Bd4 Bf1 109. Bc5 Bb5 110. Kb2 Bf1 111. Kc3 Bb5 112.
Kd4 Bf1 113. Kc3 Bb5 114. Kd4 Bf1 115. Kc3 Bb5 116. Kc2 Bf1 117. Kd2 Bb5 118.
Ke3 Bf1 119. Kd4 Bb5 120. Ke5 Bf1 121. Kf6 Bb5 122. Ke7 {Game drawn by the 50
move rule} 1/2-1/2

[Event "Team 45 45 League T66"]
[Site "Internet Chess Club"]
[Date "2015.09.16"]
[Round "2"]
[White "Goli"]
[Black "Holzschlange"]
[Result "0-1"]
[WhiteElo "1663"]
[BlackElo "1830"]
[Opening "Ruy Lopez: exchange variation, 5.O-O"]
[ECO "C68"]
[Time "17:46:13"]
[TimeControl "2700+45"]

1. e4 e5 2. Nf3 Nc6 3. Bb5 a6 4. Bxc6 dxc6 5. O-O Ne7 6. h3 Ng6 7. d4 exd4 8.
Nxd4 c5 9. Nf3 Qxd1 10. Rxd1 Bd7 11. Nc3 f6 12. Be3 O-O-O 13. Rd5 Bc6 14. Rxd8+
Kxd8 15. Rd1+ Kc8 16. Nd5 b6 17. c4 Bd6 18. b3 Kb7 19. g3 Re8 20. Nd2 {White
resigns} 0-1

[Event "Team 45 45 League T66"]
[Site "Internet Chess Club"]
[Date "2015.09.11"]
[Round "2"]
[White "tryanything"]
[Black "zap2"]
[Result "1/2-1/2"]
[WhiteElo "1598"]
[BlackElo "1778"]
[Opening "Caro-Kann: exchange variation"]
[ECO "B13"]
[Time "05:02:54"]
[TimeControl "2700+45"]

1. e4 c6 2. d4 d5 3. exd5 cxd5 4. c3 Nf6 5. Bf4 Nc6 6. Nf3 Bg4 7. Be2 Bxf3 8.
Bxf3 e6 9. Nd2 Bd6 10. Bg5 Qc7 11. Bxf6 gxf6 12. g3 f5 13. Qe2 O-O-O 14. Nb3 Kb8
15. O-O-O Rc8 16. Kb1 Qb6 17. Ka1 a5 18. Rd3 a4 19. Nd2 Na5 20. Rb1 Qa6 21. b4
axb3 22. Nxb3 Nc4 23. Rc1 Rc6 24. Rc2 Rhc8 25. Qd1 Rb6 26. Nc5 Bxc5 27. dxc5
Rxc5 28. Be2 Rcb5 29. Rd4 Rb1+ 30. Qxb1 Rxb1+ 31. Kxb1 Qb6+ 32. Kc1 Na3 33. Rb2
Qc5 34. Rb3 Kc7 35. Kb2 Nc4+ 36. Bxc4 dxc4 37. Rb4 Kb8 38. Rbxc4 Qb5+ 39. Kc2
Qa5 40. Ra4 {Game drawn by mutual agreement} 1/2-1/2

[Event "Team 45 45 League T66"]
[Site "Internet Chess Club"]
[Date "2015.09.13"]
[Round "2"]
[White "santiagoelawad"]
[Black "chessnow"]
[Result "1-0"]
[WhiteElo "2053"]
[BlackElo "1843"]
[Opening "Benko's opening"]
[ECO "A00"]
[Time "12:00:26"]
[TimeControl "2700+45"]

1. g3 Nf6 2. Bg2 d5 3. Nf3 g6 4. O-O Bg7 5. c4 O-O 6. cxd5 Nxd5 7. Nc3 Nxc3 8.
bxc3 c5 9. Qb3 Nc6 10. Rb1 Be6 11. Qc2 b6 12. d3 Rc8 13. a3 f5 14. c4 Bf7 15.
Ng5 Qd7 16. Nxf7 Rxf7 17. Bb2 Bxb2 18. Qxb2 e6 19. Bxc6 Rxc6 20. Qe5 Qd6 21.
Qxd6 Rxd6 22. f4 Rfd7 23. a4 Kf7 24. Rb5 Rb7 25. Rfb1 Rc6 26. a5 Ke7 27. Kf2 Kd6
28. Kf3 Kd7 29. g4 Ke7 30. h4 Kf6 31. g5+ Ke7 32. h5 Kd6 33. e4 Ke7 34. hxg6
hxg6 35. Rh1 Rd7 36. Ke3 Rcd6 37. Rb3 Kd8 38. e5 Rc6 39. Rh8+ Ke7 40. Rb1 Rd8
41. Rh7+ Ke8 42. Rbh1 Rcc8 43. Rxa7 Rd7 44. Rh8+ Ke7 45. Rh7+ Ke8 46. Raxd7 Rd8
47. Ra7 Rd7 48. Raxd7 bxa5 49. Ra7 a4 50. Ra8# {Black checkmated} 1-0

[Event "Team 45 45 League T66"]
[Site "Internet Chess Club"]
[Date "2015.09.13"]
[Round "2"]
[White "SAC2001"]
[Black "Heian"]
[Result "1-0"]
[WhiteElo "1805"]
[BlackElo "1753"]
[Opening "Ruy Lopez: Classical defense deferred"]
[ECO "C70"]
[Time "12:22:49"]
[TimeControl "2700+45"]

1. e4 e5 2. Nf3 Nc6 3. Bb5 a6 4. Ba4 Bc5 5. O-O b5 6. Bb3 d6 7. c3 Qf6 8. a4 b4
9. h3 Nge7 10. d3 h5 11. Bg5 Qg6 12. Kh1 f6 13. Be3 Bg4 14. Bxc5 dxc5 15. Nbd2
Rd8 16. Bc4 a5 17. Re1 Qh6 18. Rc1 bxc3 19. bxc3 g5 20. Nb3 Ng6 21. Nxc5 Nh4 22.
Bb5 Rd6 23. Nb7 Kd7 24. Nxd6 cxd6 25. Bxc6+ Kxc6 26. Qb3 Bxf3 27. Qd5+ Kd7 28.
Rb1 Bxg2+ 29. Kg1 Rh7 30. Rb7+ Kc8 31. Qc6+ Kd8 32. Rb8+ Ke7 33. Qe8# {Black
checkmated} 1-0

[Event "Team 45 45 League T66"]
[Site "Internet Chess Club"]
[Date "2015.09.14"]
[Round "2"]
[White "FrankNautilus"]
[Black "CrimsonZug"]
[Result "1-0"]
[WhiteElo "1684"]
[BlackElo "1794"]
[Opening "Trompowsky attack (Ruth, Opocenský opening)"]
[ECO "A45"]
[Time "19:04:25"]
[TimeControl "2700+45"]

1. d4 Nf6 2. Bg5 Ne4 3. Bf4 c5 4. d5 g6 5. f3 Nf6 6. e4 Bg7 7. Nc3 O-O 8. Qd2 d6
9. Bh6 Ne8 10. Nh3 Bxh3 11. gxh3 e6 12. Bxg7 Qh4+ 13. Qf2 Qxf2+ 14. Kxf2 Kxg7
15. h4 a6 16. Bh3 exd5 17. Nxd5 Nc6 18. c3 Nf6 19. Rad1 Rad8 20. Rd2 Nxd5 21.
Rxd5 Ne7 22. Rd2 f5 23. Ke3 fxe4 24. fxe4 Rf6 25. e5 Nf5+ 26. Bxf5 Rxf5 27. exd6
Re5+ 28. Kf4 Kf6 29. d7 Re7 30. Rhd1 h6 31. b3 Rf7 32. Rd6+ Ke7+ 33. Ke4 Rf6 34.
Rxf6 Kxf6 35. Rd6+ Kf7 36. Kd5 g5 37. Kxc5 Ke7 38. Rxh6 gxh4 39. Rxh4 Rxd7 40.
Rh7+ {Black resigns} 1-0

[Event "Team 45 45 League T66"]
[Site "Internet Chess Club"]
[Date "2015.09.13"]
[Round "2"]
[White "gyu123987kool"]
[Black "pcvan"]
[Result "0-1"]
[WhiteElo "1696"]
[BlackElo "1560"]
[Opening "Sicilian: Najdorf, Byrne (English) attack"]
[ECO "B90"]
[Time "18:33:29"]
[TimeControl "2700+45"]

1. e4 c5 2. Nf3 d6 3. d4 cxd4 4. Nxd4 Nf6 5. Nc3 a6 6. Be3 e5 7. Nb3 Be6 8. f3
Be7 9. Qd2 O-O 10. g4 b5 11. O-O-O Nbd7 12. h4 Nb6 13. Kb1 Nc4 14. Bxc4 Bxc4 15.
h5 a5 16. g5 Nd7 17. Qg2 b4 18. Nd5 Bxd5 19. exd5 a4 20. Nc1 b3 21. cxb3 axb3
22. Nxb3 Nc5 23. g6 Nxb3 24. gxh7+ Kh8 25. Rhg1 Bf6 26. axb3 Qa5 27. Bd2 Qa2+
28. Kc2 Rfc8+ 29. Kd3 Qxb3+ 30. Bc3 Qxd5+ 31. Kc2 Rxc3+ 32. bxc3 Ra2+ 33. Kc1
Qb3 34. h6 Qxc3+ 35. Kb1 Qa1# {White checkmated} 0-1